 Dungeon Crawl Stone Soup version 0.22.1-2-g9c5b331 (webtiles) character file.

81 havocjr2 the Shield-Bearer (level 4, -15/37 HPs)
             Began as a Formicid Fighter on Dec 6, 2018.
             Engulfed by a cloud of flame (32 damage)
             ... on level 3 of the Dungeon.
             The game lasted 00:16:03 (1971 turns).

havocjr2 the Shield-Bearer (Formicid Fighter)       Turns: 1971, Time: 00:16:03

Health: -15/37     AC:  8    Str: 20    XL:     4   Next: 67%
Magic:  4/4        EV:  8    Int:  8    God:
Gold:   58         SH:  9    Dex: 11    Spells: 3/3 levels left

rFire    . . .     SeeInvis +   a - +1 long sword
rCold    . . .     Gourm    .   c - +0 shield
rNeg     . . .     Faith    .   b - +0 scale mail
rPois    .         Spirit   .   (helmet unavailable)
rElec    .         Reflect  .   r - +0 cloak
rCorr    .         Harm     .   (no gloves)
MR       +....                  (no boots)
Stlth    ..........             (no amulet)
HPRegen  0.12/turn              h - ring of protection from magic
MPRegen  0.09/turn              (no ring)

@: no status effects
A: permanent stasis, dig shafts and tunnels, four strong arms, antennae 3
a: Dig, Shaft Self


You were on level 3 of the Dungeon.
You were not hungry.

You visited 1 branch of the dungeon, and saw 3 of its levels.

You collected 58 gold pieces.

Inventory:

Hand Weapons
 a - a +1 long sword (weapon)
 q - a +3 quarterstaff of chaos
Missiles
 i - 63 stones (quivered)
Armour
 b - a +0 scale mail (worn)
 c - a +0 shield (worn)
 r - a +0 cloak (worn)
Jewellery
 h - a ring of protection from magic (left hand)
Scrolls
 e - 3 scrolls of teleportation
 l - a scroll of fog {unknown}
 o - a scroll of amnesia {unknown}
 s - a scroll of identify {unknown}
Potions
 d - a potion of might
 g - a potion of invisibility {unknown}
 m - a potion of berserk rage {unknown}
 n - a potion of heal wounds {unknown}
 p - 2 potions of agility {unknown}
 t - a potion of degeneration {unknown}
Comestibles
 f - 6 rations


   Skills:
 + Level 3.9 Fighting
 + Level 2.6 Long Blades
 + Level 3.8 Armour
 + Level 1.9 Stealth
 + Level 4.2 Shields


You had 3 spell levels left.
You didn't know any spells.
Your spell library was empty.

Dungeon Overview and Level Annotations

Branches:
Dungeon (3/15)

Altars:
Sif Muna


Innate Abilities, Weirdness & Mutations

You cannot be hasted, slowed, berserked, paralysed or teleported.
You can dig through walls and to a lower floor.
Your four strong arms can wield two-handed weapons with a shield.
You have a pair of large antennae on your head. (SInv)


Message History

You see here 11 arrows.
s - a scroll labeled AFATUY VIUDO A rat comes into view.
You see here a scroll labeled XAD EFAOHIUTORGH.
As you read the scroll labeled UMUUPTE MIT CEUT, it crumbles to dust.
You feel a strange sense of stasis.
It was a scroll of teleportation.
As you read the scroll labeled ZEK SYM COCAE, it crumbles to dust.
It is a scroll of enchant weapon.
Your +0 long sword glows red for a moment.
As you read the scroll labeled SUAGEO EKLOZ, it crumbles to dust.
The creatures around you are filled with an inner flame!
It was a scroll of immolation.
You hit the rat.
The rat is heavily wounded.
The rat bites you. The rat bites you but does no damage.
You slash the rat!
The rat explodes!
The fiery explosion engulfs you!
You are engulfed in blazing flames.
Ouch! That really hurt!
You die...

#########
.......§#######
#.....§§....# #.# #@#
##########.# #.#
#......#...###.##
#.##)......##...##
#.##.#.#...#.....##.##
#.##.#.......(........
#.##.####..#.....#.###
#.##.# #..........#
#.##<##....###.###.#


There were no monsters in sight!

Vanquished Creatures
  Crazy Yiuf (D:2)
  An adder (D:2)
  A worm (D:2)
  A leopard gecko (D:2)
  2 giant cockroaches
  5 goblins
  3 hobgoblins
  7 jackals (D:2)
  2 quokkas
  4 bats (D:2)
  2 frilled lizards (D:1)
  A kobold (D:1)
  5 rats
35 creatures vanquished.

Notes
Turn   | Place    | Note
-------+----------+-------------------------------------------
     0 | D:1      | havocjr2 the Formicid Fighter began the quest for the Orb.
     0 | D:1      | Reached XP level 1. HP: 18/18 MP: 1/1
   423 | D:1      | Reached XP level 2. HP: 24/24 MP: 2/2
   844 | D:2      | Reached skill level 1 in Stealth
   844 | D:2      | Reached XP level 3. HP: 29/29 MP: 3/3
   900 | D:2      | Reached skill level 4 in Shields
  1553 | D:2      | Found a runed door.
  1557 | D:2      | Noticed Crazy Yiuf
  1567 | D:2      | Killed Crazy Yiuf
  1567 | D:2      | Reached XP level 4. HP: 17/37 MP: 4/4
  1892 | D:2      | Found a deep blue altar of Sif Muna.
  1971 | D:3      | Engulfed by a cloud of flame

Skill      XL: |  1  2  3 |
---------------+----------+-----
Stealth        | 1 |  1.9
Shields        | 4 |  4.2
Fighting       | |  3.9
Long Blades    | |  2.6
Armour         | |  3.8

Action                   |  1- 3 |  4- 6 || total
-------------------------+-------+-------++-------
Melee: Long sword        |   136 |    17 ||   153
Throw: Stone             |    22 |     2 ||    24
  Use: Scroll            |       |     3 ||     3
  Eat: Chunk             |     2 |     2 ||     4
Armor: Scale mail        |    76 |     8 ||    84
Dodge: Dodged            |    45 |     7 ||    52
Block: Shield            |    96 |     5 ||   101
       Rpst.: Long sword |    11 |     2 ||    13
